AoeStats
← Zac

African Clearing

505367989Analyzed
4v4 RM · 25d ago on Sep 9, 2026· 24m 17s· 8 players
Game mode
Random Map
Map size
Large (8 player)
Population
200
Speed
Normal
Resources
Standard
Victory
Conquest
Starting age
Dark Age
Ending age
Imperial Age
RankedLock teamsTeams togetherTeam positionsShared explorationLock speedFull tech treeHidden civsTurbo modeCheats
Victory
Defeat
🇦🇷 Lithuanians · Argentina
1370
+10
🇨🇱 Japanese · Chile
1297
+13
🇨🇳 Poles · China
1268
+14
🇺🇸 Mongols · United States
1248
+15
🇺🇸 Vietnamese · United States
1376
-18
🇦🇺 Persians · Australia
1263
-14
🇦🇺 Italians · Australia
1232
-13
🇺🇸 Khmer · United States
1071
-7
Im a Smurf
10:15 Loom
12:25 Feudal Age
13:26 Double-Bit Axe
21:22 Castle Age
21:02 Bloodlines
22:52 Wheelbarrow
Junioronga
7:14 Loom
14:26 Feudal Age
17:54 Castle Age
16:07 Double-Bit Axe
18:57 Bow Saw
18:36 Town Watch
19:21 Fletching
20:01 Bodkin Arrow
21:25 Wheelbarrow
21:38 Bloodlines
22:05 Padded Archer Armor
22:37 Fishing Lines
锅巴王子1
8:46 Loom
14:15 Feudal Age
19:16 Castle Age
19:26 Double-Bit Axe
19:26 Horse Collar
21:33 Stone Mining
23:05 Bow Saw
Lym
5:41 Loom
13:16 Feudal Age
19:39 Castle Age
17:54 Double-Bit Axe
18:32 Fletching
24:01 Bodkin Arrow
BIG Q
8:05 Loom
12:35 Feudal Age
12:58 Feudal Age
13:46 Double-Bit Axe
22:28 Castle Age
aurangzaib.zahoor
13:47 Feudal Age
12:03 Loom
14:20 Double-Bit Axe
18:19 Castle Age
19:47 Bow Saw
hmoney02
8:10 Loom
12:41 Feudal Age
17:07 Castle Age
15:44 Double-Bit Axe
19:11 Bow Saw
21:05 Town Watch
22:30 Gold Mining
Zac
6:41 Loom
13:33 Feudal Age
14:45 Double-Bit Axe
17:10 Fletching
Connection lost

Rejoining the realm…

Still unreachable

The connection could not be restored.

Session expired

The server has moved on; the page needs a fresh start.